Workbook
Name Arbeitszeitbedarf: Kalkulation!$A$27:$D$30
Name EnergieMAT: Kalkulation!$B$36
Name EnergieTränke: Kalkulation!$B$37
Name Geburtsgewicht: Betriebsdaten!$B$8
Name MATKonz: Betriebsdaten!$B$11
Name MATKonz: Betriebsdaten!$B$11
Name MATPreis: Betriebsdaten!$B$10
Name Milchpreis: Betriebsdaten!$B$13
Name Stundenlohn: Betriebsdaten!$B$15
Name Stundenlohn: Betriebsdaten!$B$15
Name Tränkverfahren: Betriebsdaten!$C$19

Sheet Ziel und Methode
A1: Zielstellung
A2: 1. Kalkulation der günstigsten Tränke in Abhängigkeit von den betrieblichen Zielen für die Lebendmassezunahmen
A3: 2. Kalkulation des Mindestpreises für 28 Tage alte Bullenkälber
A5: Vorgehen
A6: 1. Im Register Betriebsdaten müssen in den grau gefärbten Zellen die eigenen Daten eingegeben werden.
B7: 1.1. Ziele Lebendmassezunahmen in den einzelnen Lebendabschnitten
B8: 1.2. Anzahl der Tiere in den Lebendabschnitten
B9: 1.3. Preise für Milchaustauscher, Milcherlös und Kälberkraftfutter
B10: 1.4. Entlohnung der Arbeitskraftstunde (Brutto inkl. Lohnnebenkosten je effektiv am Tier verbrachte Arbeitskraftstunde)
B11: 1.5. Milchaustauscherkonzentration und Energiegehalt des Milchaustauschers
B12: 1.6. Zeitraum der Milchtränke und Beginn des Abtränkens
B13: 1.7. Trockenmasse, Energiekonzentration und Kosten der eingesetzten Silagen
A14: 2. Im Register "Ergebnisdarstellung kurz" sind die Ergebnisse der Kalkulation dargestellt.
A15: 3. Im Register "Kalkulation" erscheinen neben den einzelnen Rechenschritten auch die Abtränkkurve für das jeweilige Tränkverfahren
A17: Passwort für Blattschutz | C17: Milch_vs_MAT

Sheet Betriebsdaten
A1: Bitte geben Sie in den vorgegebenen Feldern Ihre betriebsspezifischen Daten ein!
B3: 0.-7. LT | C3: 8.-14. LT | D3: 15.-28. LT | E3: >28.LT | F3: Einheit | H3: Futtermittel | I3: g TM/kg OS | J3: ME/kg TM | K3: €/dt
A4: Lebendmassezunahme ab 15. Lebenstag (Betriebsniveau) | F4: g/Tag | H4: Anwelk | I4: 350 | J4: =6.3/0.62 -> 10.16129 | K4: 7.88
A5: Durchschnittsbestand Kühe | F5: Anzahl | H5: Maissilage | I5: 330 | J5: =6.7/0.62 -> 10.806452 | K5: 4.98
A6: Abkalberate | F6: % | H6: Mittelwert | I6: =AVERAGE(I4:I5) -> 340 | J6: =AVERAGE(J4:J5) -> 10.483871 | K6: 5.4
A7: Totgeburtenrate | F7: %
A8: Geburtsgewicht | F8: kg
A9: Anzahl Tränken K0 und K1 (bei mobiler Tränke)
A10: Preis für Milchaustauscher | F10: €/dt
A11: MAT-Konz. (g MAT/Liter Tränke) | F11: g/l
A12: Energiekonzentration Milchaustauscher | F12: MJ ME/kg TM
A13: Milchpreis | F13: Ct/kg
A14: Preis für Kälberaufzuchtfutter | F14: €/dt
A15: Stundenlohn | F15: €/AKh
A16: Beginn des Abtränkens | E16: 56 | F16: Lebenstag
A17: Ende des Abtränkens | E17: 70 | F17: Lebenstag
A19: Tränkverfahren: | C19: Tränkautomat
C20: Bitte auswählen in dem Sie auf das Feld C20 gehen
C21: und den Dropdown Button benutzen

Sheet Ergebnisdarstellung kurz
A1: Ergebnis 1
A2: Ist der Einsatz von Milchaustauscher wirtschaftlicher als Vollmilch zu tränken?
A3: Sie sollten bei der derzeitigen Kosten-Erlös-Situation | D3: =Kalkulation!C23 -> Milchaustauscher einsetzen
A4: Wie hoch ist die Einsparung je Tag?
A5: Sie sparen ca. | B5: =Kalkulation!E22*Kalkulation!B64+Kalkulation!B63*Kalkulation!F22 -> 0 | C5: €/Jahr bei einem Kuhbestand von | E5: =Betriebsdaten!B5 -> 0 | F5: Tieren
A7: Ergebnis 2
A8: Wie teuer müssen die Bullenkälber verkauft werden, um eine Kostendeckung zu erreichen?
B9: Vollmilch | C9: Milchaustauscher
A10: bis 14. LT | B10: =SUM(Kalkulation!B10:C10,Kalkulation!B12:C18) -> 69 | C10: =SUM(Kalkulation!B11:C18) -> 69
A11: bis 28. LT | B11: =Kalkulation!B20 -> 103 | C11: =Kalkulation!B21 -> 103

Sheet Kalkulation
A1: Vollmilch oder Milchaustauscher?
A3: Haltungsabschnitt | B3: 0.-7. LT | C3: 8.-14. LT | D3: 15.-28. LT | E3: Zwischen-summe | F3: >28.LT
A4: Haltungstage | B4: 7 | C4: 7 | D4: 14 | F4: =Betriebsdaten!E17-SUM(B4:D4) -> 42
A5: Lebendmasse (kg) zu Beginn | B5: =Geburtsgewicht -> 0 | C5: =B7 -> 0 | D5: =C7 -> 0 | F5: =D7 -> 0
A6: Energiebedarf (MJ/d) | B6: =((B7+B5)/2)^0.75*0.537+(14.9*Betriebsdaten!$B$4/1000)+(Betriebsdaten!$B$4-600)/1000*0.005 -> -0.003 | C6: =((C7+C5)/2)^0.75*0.537+(14.9*Betriebsdaten!$C$4/1000)+(Betriebsdaten!$C$4-600)/1000*0.005 -> -0.003 | D6: =((D7+D5)/2)^0.75*0.537+(14.9*Betriebsdaten!$D$4/1000)+(Betriebsdaten!$D$4-600)/1000*0.005 -> -0.003 | F6: =((F7+F5)/2)^0.75*0.537+(14.9*Betriebsdaten!$E$4/1000)+(Betriebsdaten!$E$4-600)/1000*0.005 -> -0.003
A7: Lebendmasse (kg) am Ende | B7: =B5+($B$4)*Betriebsdaten!$B$4/1000 -> 0 | C7: =C5+(C4*Betriebsdaten!C4/1000) -> 0 | D7: =D5+D4*Betriebsdaten!D4/1000 -> 0 | F7: =F5+F4*Betriebsdaten!E4/1000 -> 0
A8: Bedarf Vollmilch (l/d) | B8: =B6/2.7 -> -0.0011111111 | C8: =C6/2.7 -> -0.0011111111 | D8: =D6/2.7 -> -0.0011111111 | E8: =SUMPRODUCT($B$4:$D$4,B8:D8) -> -0.031111111 | F8: =AVERAGE(B47:BE47) -> -0.00068452381
A9: Bedarf MAT-Tränke (l/d) | B9: =B6/EnergieTränke -> -0.0010416667 | C9: =C6/EnergieTränke -> -0.0010416667 | D9: =D6/EnergieTränke -> -0.0010416667 | E9: =SUMPRODUCT($B$4:$D$4,B9:D9) -> -0.029166667 | F9: =AVERAGE(B51:BE51) -> -0.00064174107
A10: Kosten Vollmilch | B10: =B8*$B$4*Milchpreis/100 -> 0 | C10: =C8*(C$4-B4)*Milchpreis/100+B10 -> 0 | D10: =D8*(D$4-C4)*Milchpreis/100+C10 -> 0 | E10: =SUM(B10:D10) -> 0 | F10: =SUM(B47:BK47)*Milchpreis/100 -> 0
A11: Kosten MAT | B11: =$B$9*MATKonz/1000*$B$4*MATPreis/100 -> 0 | C11: =C9*MATKonz/1000*(C$4-B4)*MATPreis/100+B11 -> 0 | D11: =D9*MATKonz/1000*(D$4-C4)*MATPreis/100+C11 -> 0 | E11: =SUM(B11:D11) -> 0 | F11: =SUM(B51:BK51)*MATKonz/1000*MATPreis/100 -> 0
A12: Kosten Kälberaufzuchtfutter und Silagen bei Vollmilchtränke | B12: =0.05/100*B$4*Betriebsdaten!$B$14 -> 0 | C12: =0.05/100*C4*Betriebsdaten!$B$14 -> 0 | D12: =0.1/100*D4*Betriebsdaten!$B$14 -> 0 | E12: =SUM(B12:D13) -> 0 | F12: =BG49/100*Betriebsdaten!$B$14+BG50/100*Betriebsdaten!K6 -> 0
A13: Kosten Kälberaufzuchtfutter und Silagen bei MAT Tränke | F13: =$BG$53/100*Betriebsdaten!$B$14+$BG$54/100*Betriebsdaten!$K$6 -> 0
A14: Personalkosten1) | B14: =(B4*D29*Betriebsdaten!B9)/60*Stundenlohn+D32/60*Stundenlohn+D34*B4/60*Stundenlohn -> 0 | C14: =((VLOOKUP(Tränkverfahren,Arbeitszeitbedarf,4,FALSE)/60*IFERROR((C4),7)*Stundenlohn)*Betriebsdaten!C9)+(D31+D32+D34*C4)/60*Stundenlohn -> 0 | D14: =VLOOKUP(Tränkverfahren,Arbeitszeitbedarf,4,FALSE)/60*IFERROR((D4),7)*Stundenlohn+(D32+D33+D34*D4)/60*Stundenlohn -> 0 | E14: =SUM(B14:D14) -> 0 | F14: =((Betriebsdaten!E17-27)*(Kalkulation!D28*2))/60*Stundenlohn+D33/60*Stundenlohn -> 0
A15: Gesunderhaltungskosten2) | B15: 3.5 | C15: 3.5 | D15: 7 | E15: =SUM(B15:D15) -> 14 | F15: 15
A16: Wasser, Energie, DK, Reparaturkosten Maschinen | B16: 1 | C16: 2 | D16: 3 | E16: =SUM(B16:D16) -> 6 | F16: =E16/28*(Betriebsdaten!$E$17-28) -> 9
A17: Aufwand für Unterbringung (AfA, Zinsansatz, Unterhaltung) | B17: 12 | C17: 12 | D17: 24 | E17: =SUM(B17:D17) -> 48 | F17: =E17/28*(Betriebsdaten!$E$17-28) -> 72
A18: Spermakosten | B18: 35 | E18: =SUM(B18:D18) -> 35
F19: weibl. Kälber
A20: Mindesterlös für männliche Kälber (28. LT) bei Vollmilchtränke | B20: =SUM(E10,E12:E18) -> 103 | C20: Kosten bei Vollmilchtränke | F20: =SUM(E10,E12,F10,F12)+((Betriebsdaten!$E$17-29)*Kalkulation!D28*Betriebsdaten!D9/60*Stundenlohn) -> 0
A21: Mindesterlös für männliche Kälber (28. LT) bei MAT-Tränke | B21: =SUM(E11:E18) -> 103 | C21: Kosten bei MAT-Tränke | F21: =SUM(E11:E13,F11,F13)+((VLOOKUP(Tränkverfahren,Arbeitszeitbedarf,4,FALSE)/60*(Betriebsdaten!E17-28)*Stundenlohn)*Betriebsdaten!C9)/60*Stundenlohn -> 0
C22: Kosteneinsparung | F22: =IF(F21>F20,F21-F20,(F20-F21)) -> 0
C23: =IF(F20<F21,"Vollmilch tränken", "Milchaustauscher einsetzen") -> Milchaustauscher einsetzen
A24: Datengrundlage
A25: Arbeitszeitbedarf
B26: Einheit | D26: MW
A27: Tränkautomat | B27: Akmin/Tränke | D27: 1.13
A28: Milchtaxi + Gruppentränke | B28: Akmin/Tränke | D28: 2.505
A29: Milchtaxi + Einzeltränke | B29: Akmin/Tränke | D29: 2.955
A30: Kanne + Einzeltränke | B30: Akmin/Tränke | D30: 9.765
A31: Misten Einzeliglu (Akmin/Platz Endreinigung) | B31: Akmin/Platz | D31: 13.5
A32: Nachstreuen der Einzeliglu (2x/Woche) | B32: Akmin/Platz, Woche | D32: =0.74*4 -> 2.96 | G32: Grafikdaten Vollmilch
A33: Misten des Gruppenplatzes | B33: Akmin/Platz | D33: 11.2 | H33: =IF(B44<Betriebsdaten!$E$17,B44,"") -> 29 | I33: =IF(C44<Betriebsdaten!$E$17,C44,"") -> 30 | J33: =IF(D44<Betriebsdaten!$E$17,D44,"") -> 31 | K33: =IF(E44<Betriebsdaten!$E$17,E44,"") -> 32 | L33: =IF(F44<Betriebsdaten!$E$17,F44,"") -> 33 | M33: =IF(G44<Betriebsdaten!$E$17,G44,"") -> 34 | N33: =IF(H44<Betriebsdaten!$E$17,H44,"") -> 35 | O33: =IF(I44<Betriebsdaten!$E$17,I44,"") -> 36 | ... AV33: =IF(AP44<Betriebsdaten!$E$17,AP44,"") -> 69 | AW33: =IF(AQ44<=Betriebsdaten!$E$17,AQ44,"") -> 70 | AX33: =IF(AR44<Betriebsdaten!$E$17,AR44,"") | AY33: =IF(AS44<Betriebsdaten!$E$17,AS44,"") | AZ33: =IF(AT44<Betriebsdaten!$E$17,AT44,"") | BA33: =IF(AU44<Betriebsdaten!$E$17,AU44,"") | BB33: =IF(AV44<Betriebsdaten!$E$17,AV44,"") | BC33: =IF(AW44<Betriebsdaten!$E$17,AW44,"") | BD33: =IF(AX44<Betriebsdaten!$E$17,AX44,"") | BE33: =IF(AY44<Betriebsdaten!$E$17,AY44,"") | ... BI33: =IF(BC44<Betriebsdaten!$E$17,BC44,"") | BJ33: =IF(BD44<=Betriebsdaten!$E$17,BD44,"") | BK33: =IF(BE44<=Betriebsdaten!$E$17,BE44,"") | BL33: =IF(BF44<Betriebsdaten!$E$17,BF44,"")
A34: sonstige Arbeiten | B34: Akmin/Tier und Tag | D34: 1.01 | G34: l Vollmilch/TuT | H34: =IF(B47>0,B47,"") | I34: =IF(C47>0,C47,"") | J34: =IF(D47>0,D47,"") | K34: =IF(E47>0,E47,"") | L34: =IF(F47>0,F47,"") | M34: =IF(G47>0,G47,"") | N34: =IF(H47>0,H47,"") | O34: =IF(I47>0,I47,"") | ... BO34: =IF(BI47>0,BI47,"")
G35: kg KF/TuT | H35: =IF(B49>0,B49,"") -> 0.1 | I35: =IF(C49>0,C49,"") -> 0.1 | J35: =IF(D49>0,D49,"") -> 0.1 | K35: =IF(E49>0,E49,"") -> 0.1 | L35: =IF(F49>0,F49,"") -> 0.1 | M35: =IF(G49>0,G49,"") -> 0.1 | N35: =IF(H49>0,H49,"") -> 0.1 | O35: =IF(I49>0,I49,"") -> 0.1 | ... BO35: =IF(BI49>0,BI49,"")
A36: Energiegehalt MAT-Pulver (MJ ME/kg) | B36: =Betriebsdaten!B12 -> 0 | G36: kg Silage/TuT | H36: =IF(B50>0,B50,"") | I36: =IF(C50>0,C50,"") | J36: =IF(D50>0,D50,"") | K36: =IF(E50>0,E50,"") | L36: =IF(F50>0,F50,"") | M36: =IF(G50>0,G50,"") | N36: =IF(H50>0,H50,"") | O36: =IF(I50>0,I50,"") | ... BO36: =IF(BI50>0,BI50,"")
A37: Energiegehalt/Liter Vollmilch (MJ ME) | B37: 2.88
G38: Grafikdaten MAT
A39: 1) Personalkosten in Abhängigkeit des Tränkeverfahrens | H39: =H33 -> 29 | I39: =I33 -> 30 | J39: =J33 -> 31 | K39: =K33 -> 32 | L39: =L33 -> 33 | M39: =M33 -> 34 | N39: =N33 -> 35 | O39: =O33 -> 36 | ... AW39: =AW33 -> 70 | AX39: =AW39+1 -> 71 | AY39: =AX39+1 -> 72 | AZ39: =AY39+1 -> 73 | BA39: =AZ39+1 -> 74 | BB39: =BA39+1 -> 75 | BC39: =BB39+1 -> 76 | BD39: =BC39+1 -> 77 | BE39: =BD39+1 -> 78 | ... BL39: =BK39+1 -> 85
A40: 2) nach LÜHRMANN (2022) | G40: l MAT/TuT | H40: =IF(B51>0,B51,"") | I40: =IF(C51>0,C51,"") | J40: =IF(D51>0,D51,"") | K40: =IF(E51>0,E51,"") | L40: =IF(F51>0,F51,"") | M40: =IF(G51>0,G51,"") | N40: =IF(H51>0,H51,"") | O40: =IF(I51>0,I51,"") | ... BN40: =IF(BH51>0,BH51,"")
G41: kg KF/TuT | H41: =IF(B53>0,B53,"") -> 0.1 | I41: =IF(C53>0,C53,"") -> 0.1 | J41: =IF(D53>0,D53,"") -> 0.1 | K41: =IF(E53>0,E53,"") -> 0.1 | L41: =IF(F53>0,F53,"") -> 0.1 | M41: =IF(G53>0,G53,"") -> 0.1 | N41: =IF(H53>0,H53,"") -> 0.1 | O41: =IF(I53>0,I53,"") -> 0.1 | ... BN41: =IF(BH53>0,BH53,"")
G42: kg Silage/TuT | H42: =IF(B54>0,B54,"") | I42: =IF(C54>0,C54,"") | J42: =IF(D54>0,D54,"") | K42: =IF(E54>0,E54,"") | L42: =IF(F54>0,F54,"") | M42: =IF(G54>0,G54,"") | N42: =IF(H54>0,H54,"") | O42: =IF(I54>0,I54,"") | ... BN42: =IF(BH54>0,BH54,"")
AT43: =SUM(AT50:AZ50) -> 0
B44: 29 | C44: =B44+1 -> 30 | D44: =C44+1 -> 31 | E44: =D44+1 -> 32 | F44: =E44+1 -> 33 | G44: =F44+1 -> 34 | H44: =G44+1 -> 35 | I44: =H44+1 -> 36 | J44: =I44+1 -> 37 | ... BF44: =BE44+1 -> 85
B46: 29 | C46: =IF(C44<Betriebsdaten!$E$17,B46+1,"") -> 30 | D46: =IF(D44<Betriebsdaten!$E$17,C46+1,"") -> 31 | E46: =IF(E44<Betriebsdaten!$E$17,D46+1,"") -> 32 | F46: =IF(F44<Betriebsdaten!$E$17,E46+1,"") -> 33 | G46: =IF(G44<=Betriebsdaten!$E$17,F46+1,"") -> 34 | H46: =IF(H44<=Betriebsdaten!$E$17,G46+1,"") -> 35 | I46: =IF(I44<=Betriebsdaten!$E$17,H46+1,"") -> 36 | J46: =IF(J44<=Betriebsdaten!$E$17,I46+1,"") -> 37 | K46: =IF(K44<=Betriebsdaten!$E$17,J46+1,"") -> 38 | L46: =IF(L44<=Betriebsdaten!$E$17,K46+1,"") -> 39 | M46: =IF(M44<=Betriebsdaten!$E$17,L46+1,"") -> 40 | N46: =IF(N44<=Betriebsdaten!$E$17,M46+1,"") -> 41 | ... BF46: =IF(BF44<=Betriebsdaten!$E$17,BE46+1,"") | BG46: Summe
A47: l Vollmilch/TuT | B47: =IF(B46="",0,IF(B$46<Betriebsdaten!$E$16+1,IF((B$57/2.7)>12,12,B$57/2.7),MAX($B47:$V47)-(MAX($B47:$V47)/(Betriebsdaten!$E$17-Betriebsdaten!$E$16))-(MAX($B47:$V47)-A47))) -> -0.0011111111 | C47: =IF(C46="",0,IF(C$46<Betriebsdaten!$E$16+1,IF((C$57/2.7)>12,12,C$57/2.7),MAX($B47:$V47)-(MAX($B47:$V47)/(Betriebsdaten!$E$17-Betriebsdaten!$E$16))-(MAX($B47:$V47)-B47))) -> -0.0011111111 | D47: =IF(D46="",0,IF(D$46<Betriebsdaten!$E$16+1,IF((D$57/2.7)>12,12,D$57/2.7),MAX($B47:$V47)-(MAX($B47:$V47)/(Betriebsdaten!$E$17-Betriebsdaten!$E$16))-(MAX($B47:$V47)-C47))) -> -0.0011111111 | E47: =IF(E46="",0,IF(E$46<Betriebsdaten!$E$16+1,IF((E$57/2.7)>12,12,E$57/2.7),MAX($B47:$V47)-(MAX($B47:$V47)/(Betriebsdaten!$E$17-Betriebsdaten!$E$16))-(MAX($B47:$V47)-D47))) -> -0.0011111111 | F47: =IF(F46="",0,IF(F$46<Betriebsdaten!$E$16+1,IF((F$57/2.7)>12,12,F$57/2.7),MAX($B47:$V47)-(MAX($B47:$V47)/(Betriebsdaten!$E$17-Betriebsdaten!$E$16))-(MAX($B47:$V47)-E47))) -> -0.0011111111 | G47: =IF(G46="",0,IF(G$46<Betriebsdaten!$E$16+1,IF((G$57/2.7)>12,12,G$57/2.7),MAX($B47:$V47)-(MAX($B47:$V47)/(Betriebsdaten!$E$17-Betriebsdaten!$E$16))-(MAX($B47:$V47)-F47))) -> -0.0011111111 | H47: =IF(H46="",0,IF(H$46<Betriebsdaten!$E$16+1,IF((H$57/2.7)>12,12,H$57/2.7),MAX($B47:$V47)-(MAX($B47:$V47)/(Betriebsdaten!$E$17-Betriebsdaten!$E$16))-(MAX($B47:$V47)-G47))) -> -0.0011111111 | I47: =IF(I46="",0,IF(I$46<Betriebsdaten!$E$16+1,IF((I$57/2.7)>12,12,I$57/2.7),MAX($B47:$V47)-(MAX($B47:$V47)/(Betriebsdaten!$E$17-Betriebsdaten!$E$16))-(MAX($B47:$V47)-H47))) -> -0.0011111111 | ... BF47: =IF(BF46="",0,IF(BF$46<Betriebsdaten!$E$16+1,IF((BF$57/2.7)>12,12,BF$57/2.7),MAX($B47:$V47)-(MAX($B47:$V47)/(Betriebsdaten!$E$17-Betriebsdaten!$E$16))-(MAX($B47:$V47)-BE47))) -> 0 | BG47: =SUM(B47:BF47) -> -0.038333333
A48: kg KAF/T und T zu Vollmilch alles | B48: =IF(B46=0,0,IF(B$55>0.1,B$55/(6.7/0.62),0.1)) -> 0.1 | C48: =IF(C46=0,0,IF(C$55>0.1,C$55/(6.7/0.62),0.1)) -> 0.1 | D48: =IF(D46=0,0,IF(D$55>0.1,D$55/(6.7/0.62),0.1)) -> 0.1 | E48: =IF(E46=0,0,IF(E$55>0.1,E$55/(6.7/0.62),0.1)) -> 0.1 | F48: =IF(F46=0,0,IF(F$55>0.1,F$55/(6.7/0.62),0.1)) -> 0.1 | G48: =IF(G46=0,0,IF(G$55>0.1,G$55/(6.7/0.62),0.1)) -> 0.1 | H48: =IF(H46=0,0,IF(H$55>0.1,H$55/(6.7/0.62),0.1)) -> 0.1 | I48: =IF(I46=0,0,IF(I$55>0.1,I$55/(6.7/0.62),0.1)) -> 0.1 | ... L48: =IF(L46=0,0,IF(L$55>0.1,L$55/(6.7/0.62),0.1)) -> 0.1 | M48: =IF(M46=0,0,IF(M$55>0.5,M$55/(6.7/0.62),0.1)) -> 0.1 | N48: =IF(N46=0,0,IF(N$55>0.5,N$55/(6.7/0.62),0.1)) -> 0.1 | O48: =IF(O46=0,0,IF(O$55>0.5,O$55/(6.7/0.62),0.1)) -> 0.1 | P48: =IF(P46=0,0,IF(P$55>0.1,P$55/(6.7/0.62),0.1)) -> 0.1 | Q48: =IF(Q46=0,0,IF(Q$55>0.1,Q$55/(6.7/0.62),0.1)) -> 0.1 | R48: =IF(R46=0,0,IF(R$55>0.1,R$55/(6.7/0.62),0.1)) -> 0.1 | S48: =IF(S46=0,0,IF(S$55>0.1,S$55/(6.7/0.62),0.1)) -> 0.1 | T48: =IF(T46=0,0,IF(T$55>0.1,T$55/(6.7/0.62),0.1)) -> 0.1 | U48: =IF(U46=0,0,IF(U$55>0.1,U$55/(6.7/0.62),0.1)) -> 0.1 | V48: =IF(V46=0,0,IF(V$55>0.1,V$55/(6.7/0.62),0.1)) -> 0.1 | W48: =IF(W46=0,0,IF(W$55>0.1,W$55/(6.7/0.62),0.1)) -> 0.1 | ... BF48: =IF(BF46=0,0,IF(BF$55>0.1,BF$55/(6.7/0.62),0.1)) -> 0.1 | BG48: =SUM(B48:BF48) -> 5.7
A49: kg KAF/T und T zu Vollmilch beschränkt 2 kg | B49: =IF(B$46>28,IF(B48<2,B48,2),"") -> 0.1 | C49: =IF(C46>28,IF(C48<2,C48,2),"") -> 0.1 | D49: =IF(D46>28,IF(D48<2,D48,2),"") -> 0.1 | E49: =IF(E46>28,IF(E48<2,E48,2),"") -> 0.1 | F49: =IF(F46>28,IF(F48<2,F48,2),"") -> 0.1 | G49: =IF(G46>28,IF(G48<2,G48,2),"") -> 0.1 | H49: =IF(H46>28,IF(H48<2,H48,2),"") -> 0.1 | I49: =IF(I46>28,IF(I48<2,I48,2),"") -> 0.1 | J49: =IF(J46>28,IF(J48<2,J48,2),"") -> 0.1 | ... BF49: =IF(BF46>28,IF(BF48<2,BF48,2),"") -> 0.1 | BG49: =SUM(B49:BF49) -> 5.7
A50: kg Silage | B50: =IF(B$48>2,(B57-(B$47*2.7+B$49*6.7/0.62))/Betriebsdaten!$J$6/(Betriebsdaten!$I$6/1000),"") | C50: =IF(AND(C47>-0.000000001,C48>2),(C57-(C$47*2.7+C$49*6.7/0.62))/Betriebsdaten!$J$6/(Betriebsdaten!$I$6/1000),"") | D50: =IF(AND(D47>-0.000000001,D48>2),(D57-(D$47*2.7+D$49*6.7/0.62))/Betriebsdaten!$J$6/(Betriebsdaten!$I$6/1000),"") | E50: =IF(AND(E47>-0.000000001,E48>2),(E57-(E$47*2.7+E$49*6.7/0.62))/Betriebsdaten!$J$6/(Betriebsdaten!$I$6/1000),"") | F50: =IF(AND(F47>-0.000000001,F48>2),(F57-(F$47*2.7+F$49*6.7/0.62))/Betriebsdaten!$J$6/(Betriebsdaten!$I$6/1000),"") | G50: =IF(AND(G47>-0.000000001,G48>2),(G57-(G$47*2.7+G$49*6.7/0.62))/Betriebsdaten!$J$6/(Betriebsdaten!$I$6/1000),"") | H50: =IF(AND(H47>-0.000000001,H48>2),(H57-(H$47*2.7+H$49*6.7/0.62))/Betriebsdaten!$J$6/(Betriebsdaten!$I$6/1000),"") | I50: =IF(AND(I47>-0.000000001,I48>2),(I57-(I$47*2.7+I$49*6.7/0.62))/Betriebsdaten!$J$6/(Betriebsdaten!$I$6/1000),"") | J50: =IF(AND(J47>-0.000000001,J48>2),(J57-(J$47*2.7+J$49*6.7/0.62))/Betriebsdaten!$J$6/(Betriebsdaten!$I$6/1000),"") | ... BF50: =IF(AND(BF47>-0.000000001,BF48>2),(BF57-(BF$47*2.7+BF$49*6.7/0.62))/Betriebsdaten!$J$6/(Betriebsdaten!$I$6/1000),"") | BG50: =SUM(B50:BF50) -> 0
A51: l MAT/Tag | B51: =IF(B46="",0,IF(B$46<Betriebsdaten!$E$16+1,IF((B$57/EnergieTränke)>12,12,B$57/EnergieTränke),MAX($B51:$V51)-(MAX($B51:$V51)/(Betriebsdaten!$E$17-Betriebsdaten!$E$16))-(MAX($B51:$V51)-A51))) -> -0.0010416667 | C51: =IF(C46="",0,IF(C$46<Betriebsdaten!$E$16+1,IF((C$57/EnergieTränke)>12,12,C$57/EnergieTränke),MAX($B51:$V51)-(MAX($B51:$V51)/(Betriebsdaten!$E$17-Betriebsdaten!$E$16))-(MAX($B51:$V51)-B51))) -> -0.0010416667 | D51: =IF(D46="",0,IF(D$46<Betriebsdaten!$E$16+1,IF((D$57/EnergieTränke)>12,12,D$57/EnergieTränke),MAX($B51:$V51)-(MAX($B51:$V51)/(Betriebsdaten!$E$17-Betriebsdaten!$E$16))-(MAX($B51:$V51)-C51))) -> -0.0010416667 | E51: =IF(E46="",0,IF(E$46<Betriebsdaten!$E$16+1,IF((E$57/EnergieTränke)>12,12,E$57/EnergieTränke),MAX($B51:$V51)-(MAX($B51:$V51)/(Betriebsdaten!$E$17-Betriebsdaten!$E$16))-(MAX($B51:$V51)-D51))) -> -0.0010416667 | F51: =IF(F46="",0,IF(F$46<Betriebsdaten!$E$16+1,IF((F$57/EnergieTränke)>12,12,F$57/EnergieTränke),MAX($B51:$V51)-(MAX($B51:$V51)/(Betriebsdaten!$E$17-Betriebsdaten!$E$16))-(MAX($B51:$V51)-E51))) -> -0.0010416667 | G51: =IF(G46="",0,IF(G$46<Betriebsdaten!$E$16+1,IF((G$57/EnergieTränke)>12,12,G$57/EnergieTränke),MAX($B51:$V51)-(MAX($B51:$V51)/(Betriebsdaten!$E$17-Betriebsdaten!$E$16))-(MAX($B51:$V51)-F51))) -> -0.0010416667 | H51: =IF(H46="",0,IF(H$46<Betriebsdaten!$E$16+1,IF((H$57/EnergieTränke)>12,12,H$57/EnergieTränke),MAX($B51:$V51)-(MAX($B51:$V51)/(Betriebsdaten!$E$17-Betriebsdaten!$E$16))-(MAX($B51:$V51)-G51))) -> -0.0010416667 | I51: =IF(I46="",0,IF(I$46<Betriebsdaten!$E$16+1,IF((I$57/EnergieTränke)>12,12,I$57/EnergieTränke),MAX($B51:$V51)-(MAX($B51:$V51)/(Betriebsdaten!$E$17-Betriebsdaten!$E$16))-(MAX($B51:$V51)-H51))) -> -0.0010416667 | ... BF51: =IF(BF46="",0,IF(BF$46<Betriebsdaten!$E$16+1,IF((BF$57/EnergieTränke)>12,12,BF$57/EnergieTränke),MAX($B51:$V51)-(MAX($B51:$V51)/(Betriebsdaten!$E$17-Betriebsdaten!$E$16))-(MAX($B51:$V51)-BE51))) -> 0 | BG51: =SUM(B51:BF51) -> -0.0359375
A52: kg KAF/T und T zu MAT alles | B52: =IF(B$56>0.1,B$56/(6.7/0.62),0.1) -> 0.1 | C52: =IF(C46=0,0,IF(C$56>0.1,C$56/(6.7/0.62),0.1)) -> 0.1 | D52: =IF(D46=0,0,IF(D$56>0.1,D$56/(6.7/0.62),0.1)) -> 0.1 | E52: =IF(E46=0,0,IF(E$56>0.1,E$56/(6.7/0.62),0.1)) -> 0.1 | F52: =IF(F46=0,0,IF(F$56>0.1,F$56/(6.7/0.62),0.1)) -> 0.1 | G52: =IF(G46=0,0,IF(G$56>0.1,G$56/(6.7/0.62),0.1)) -> 0.1 | H52: =IF(H46=0,0,IF(H$56>0.1,H$56/(6.7/0.62),0.1)) -> 0.1 | I52: =IF(I46=0,0,IF(I$56>0.1,I$56/(6.7/0.62),0.1)) -> 0.1 | J52: =IF(J46=0,0,IF(J$56>0.1,J$56/(6.7/0.62),0.1)) -> 0.1 | ... BF52: =IF(BF46=0,0,IF(BF$56>0.1,BF$56/(6.7/0.62),0.1)) -> 0.1 | BG52: =SUM(B52:BF52) -> 5.7
A53: kg KAF/T und T zu MAT beschränkt auf 2 kg | B53: =IF(B$46>28,IF(B52<2,B52,2),"") -> 0.1 | C53: =IF(C$46>28,IF(C52<2,C52,2),"") -> 0.1 | D53: =IF(D$46>28,IF(D52<2,D52,2),"") -> 0.1 | E53: =IF(E$46>28,IF(E52<2,E52,2),"") -> 0.1 | F53: =IF(F$46>28,IF(F52<2,F52,2),"") -> 0.1 | G53: =IF(G$46>28,IF(G52<2,G52,2),"") -> 0.1 | H53: =IF(H$46>28,IF(H52<2,H52,2),"") -> 0.1 | I53: =IF(I$46>28,IF(I52<2,I52,2),"") -> 0.1 | ... BF53: =IF(BF$46>28,IF(BF52<2,BF52,2),"") -> 0.1 | BG53: =SUM(B53:BF53) -> 5.7
A54: kg Silage | B54: =IF(AND(B51>-0.000000000001,B$52>2),(B57-(B$51*EnergieTränke+B$53*6.7/0.62))/Betriebsdaten!$J$6/(Betriebsdaten!$I$6/1000),"") | C54: =IF(AND(C51>-0.000000000001,C$52>2),(C57-(C$51*EnergieTränke+C$53*6.7/0.62))/Betriebsdaten!$J$6/(Betriebsdaten!$I$6/1000),"") | D54: =IF(AND(D51>-0.000000000001,D$52>2),(D57-(D$51*EnergieTränke+D$53*6.7/0.62))/Betriebsdaten!$J$6/(Betriebsdaten!$I$6/1000),"") | E54: =IF(AND(E51>-0.000000000001,E$52>2),(E57-(E$51*EnergieTränke+E$53*6.7/0.62))/Betriebsdaten!$J$6/(Betriebsdaten!$I$6/1000),"") | F54: =IF(AND(F51>-0.000000000001,F$52>2),(F57-(F$51*EnergieTränke+F$53*6.7/0.62))/Betriebsdaten!$J$6/(Betriebsdaten!$I$6/1000),"") | G54: =IF(AND(G51>-0.000000000001,G$52>2),(G57-(G$51*EnergieTränke+G$53*6.7/0.62))/Betriebsdaten!$J$6/(Betriebsdaten!$I$6/1000),"") | H54: =IF(AND(H51>-0.000000000001,H$52>2),(H57-(H$51*EnergieTränke+H$53*6.7/0.62))/Betriebsdaten!$J$6/(Betriebsdaten!$I$6/1000),"") | I54: =IF(AND(I51>-0.000000000001,I$52>2),(I57-(I$51*EnergieTränke+I$53*6.7/0.62))/Betriebsdaten!$J$6/(Betriebsdaten!$I$6/1000),"") | ... BF54: =IF(AND(BF51>-0.000000000001,BF$52>2),(BF57-(BF$51*EnergieTränke+BF$53*6.7/0.62))/Betriebsdaten!$J$6/(Betriebsdaten!$I$6/1000),"") | BG54: =SUM(B54:BF54) -> 0
A55: ME/d aus KAF Vollmilch | B55: =IF((B$57)-(B$47*2.7)=0,0.1,(B$57)-(B$47*2.7)) -> 0.1 | C55: =IF(C46=0,0,IF((C$57)-(C$47*2.7)=0,0.1,(C$57)-(C$47*2.7))) -> 0.1 | D55: =IF(D46=0,0,IF((D$57)-(D$47*2.7)=0,0.1,(D$57)-(D$47*2.7))) -> 0.1 | E55: =IF(E46=0,0,IF((E$57)-(E$47*2.7)=0,0.1,(E$57)-(E$47*2.7))) -> 0.1 | F55: =IF(F46=0,0,IF((F$57)-(F$47*2.7)=0,0.1,(F$57)-(F$47*2.7))) -> 0.1 | G55: =IF(G46=0,0,IF((G$57)-(G$47*2.7)=0,0.1,(G$57)-(G$47*2.7))) -> 0.1 | H55: =IF(H46=0,0,IF((H$57)-(H$47*2.7)=0,0.1,(H$57)-(H$47*2.7))) -> 0.1 | I55: =IF(I46=0,0,IF((I$57)-(I$47*2.7)=0,0.1,(I$57)-(I$47*2.7))) -> 0.1 | J55: =IF(J46=0,0,IF((J$57)-(J$47*2.7)=0,0.1,(J$57)-(J$47*2.7))) -> 0.1 | ... BF55: =IF(BF46=0,0,IF((BF$57)-(BF$47*2.7)=0,0.1,(BF$57)-(BF$47*2.7))) -> -0.003
A56: ME/d aus KAF MAT | B56: =IF((B$57)-(B$47*Betriebsdaten!$B$11/1000*EnergieMAT)=0,0.1,(B$57)-(B$47*Betriebsdaten!$B$11/1000*EnergieMAT)) -> -0.003 | C56: =IF(C46=0,0,IF((C$57)-(C$47*Betriebsdaten!$B$11/1000*EnergieMAT)=0,0.1,(C$57)-(C$47*Betriebsdaten!$B$11/1000*EnergieMAT))) -> -0.003 | D56: =IF(D46=0,0,IF((D$57)-(D$47*Betriebsdaten!$B$11/1000*EnergieMAT)=0,0.1,(D$57)-(D$47*Betriebsdaten!$B$11/1000*EnergieMAT))) -> -0.003 | E56: =IF(E46=0,0,IF((E$57)-(E$47*Betriebsdaten!$B$11/1000*EnergieMAT)=0,0.1,(E$57)-(E$47*Betriebsdaten!$B$11/1000*EnergieMAT))) -> -0.003 | F56: =IF(F46=0,0,IF((F$57)-(F$47*Betriebsdaten!$B$11/1000*EnergieMAT)=0,0.1,(F$57)-(F$47*Betriebsdaten!$B$11/1000*EnergieMAT))) -> -0.003 | G56: =IF(G46=0,0,IF((G$57)-(G$47*Betriebsdaten!$B$11/1000*EnergieMAT)=0,0.1,(G$57)-(G$47*Betriebsdaten!$B$11/1000*EnergieMAT))) -> -0.003 | H56: =IF(H46=0,0,IF((H$57)-(H$47*Betriebsdaten!$B$11/1000*EnergieMAT)=0,0.1,(H$57)-(H$47*Betriebsdaten!$B$11/1000*EnergieMAT))) -> -0.003 | I56: =IF(I46=0,0,IF((I$57)-(I$47*Betriebsdaten!$B$11/1000*EnergieMAT)=0,0.1,(I$57)-(I$47*Betriebsdaten!$B$11/1000*EnergieMAT))) -> -0.003 | J56: =IF(J46=0,0,IF((J$57)-(J$47*Betriebsdaten!$B$11/1000*EnergieMAT)=0,0.1,(J$57)-(J$47*Betriebsdaten!$B$11/1000*EnergieMAT))) -> -0.003 | ... BF56: =IF(BF46=0,0,IF((BF$57)-(BF$47*Betriebsdaten!$B$11/1000*EnergieMAT)=0,0.1,(BF$57)-(BF$47*Betriebsdaten!$B$11/1000*EnergieMAT))) -> -0.003
A57: Energiebedarf/Tag (ME) | B57: =((B58+B59)/2)^0.75*0.537+(14.9*Betriebsdaten!$E$4/1000)+(Betriebsdaten!$E$4-600)/1000*0.005 -> -0.003 | C57: =IF(C46=0,0,((C58+C59)/2)^0.75*0.537+(14.9*Betriebsdaten!$E$4/1000)+(Betriebsdaten!$E$4-600)/1000*0.005) -> -0.003 | D57: =IF(D46=0,0,((D58+D59)/2)^0.75*0.537+(14.9*Betriebsdaten!$E$4/1000)+(Betriebsdaten!$E$4-600)/1000*0.005) -> -0.003 | E57: =IF(E46=0,0,((E58+E59)/2)^0.75*0.537+(14.9*Betriebsdaten!$E$4/1000)+(Betriebsdaten!$E$4-600)/1000*0.005) -> -0.003 | F57: =IF(F46=0,0,((F58+F59)/2)^0.75*0.537+(14.9*Betriebsdaten!$E$4/1000)+(Betriebsdaten!$E$4-600)/1000*0.005) -> -0.003 | G57: =IF(G46=0,0,((G58+G59)/2)^0.75*0.537+(14.9*Betriebsdaten!$E$4/1000)+(Betriebsdaten!$E$4-600)/1000*0.005) -> -0.003 | H57: =IF(H46=0,0,((H58+H59)/2)^0.75*0.537+(14.9*Betriebsdaten!$E$4/1000)+(Betriebsdaten!$E$4-600)/1000*0.005) -> -0.003 | I57: =IF(I46=0,0,((I58+I59)/2)^0.75*0.537+(14.9*Betriebsdaten!$E$4/1000)+(Betriebsdaten!$E$4-600)/1000*0.005) -> -0.003 | J57: =IF(J46=0,0,((J58+J59)/2)^0.75*0.537+(14.9*Betriebsdaten!$E$4/1000)+(Betriebsdaten!$E$4-600)/1000*0.005) -> -0.003 | ... BF57: =IF(BF46=0,0,((BF58+BF59)/2)^0.75*0.537+(14.9*Betriebsdaten!$E$4/1000)+(Betriebsdaten!$E$4-600)/1000*0.005) -> -0.003
A58: LM Ende | B58: =Betriebsdaten!$E$4/1000+D7 -> 0 | C58: =IF(C46=0,0,B58+Betriebsdaten!$E$4/1000) -> 0 | D58: =IF(D46=0,0,C58+Betriebsdaten!$E$4/1000) -> 0 | E58: =IF(E46=0,0,D58+Betriebsdaten!$E$4/1000) -> 0 | F58: =IF(F46=0,0,E58+Betriebsdaten!$E$4/1000) -> 0 | G58: =IF(G46=0,0,F58+Betriebsdaten!$E$4/1000) -> 0 | H58: =IF(H46=0,0,G58+Betriebsdaten!$E$4/1000) -> 0 | I58: =IF(I46=0,0,H58+Betriebsdaten!$E$4/1000) -> 0 | J58: =IF(J46=0,0,I58+Betriebsdaten!$E$4/1000) -> 0 | ... BF58: =IF(BF46=0,0,BE58+Betriebsdaten!$E$4/1000) -> 0
A59: LM Anfang | B59: =B58-Betriebsdaten!$E$4/1000 -> 0 | C59: =IF(C46=0,0,C58-Betriebsdaten!$E$4/1000) -> 0 | D59: =IF(D46=0,0,D58-Betriebsdaten!$E$4/1000) -> 0 | E59: =IF(E46=0,0,E58-Betriebsdaten!$E$4/1000) -> 0 | F59: =IF(F46=0,0,F58-Betriebsdaten!$E$4/1000) -> 0 | G59: =IF(G46=0,0,G58-Betriebsdaten!$E$4/1000) -> 0 | H59: =IF(H46=0,0,H58-Betriebsdaten!$E$4/1000) -> 0 | I59: =IF(I46=0,0,I58-Betriebsdaten!$E$4/1000) -> 0 | J59: =IF(J46=0,0,J58-Betriebsdaten!$E$4/1000) -> 0 | ... BF59: =IF(BF46=0,0,BF58-Betriebsdaten!$E$4/1000) -> 0
A61: Berechnung der aufgezogenen Kälber | B61: n
A62: Kälber gesamt | B62: =(Betriebsdaten!$B$5*Betriebsdaten!$B$6/100)-(Betriebsdaten!$B$5*Betriebsdaten!$B$6/100)*Betriebsdaten!B7/100 -> 0
A63: davon weibl. | B63: =B62*0.51 -> 0 | C63: =IF(B48>2,B57-B47,"")
A64: davon männl. | B64: =B62-B63 -> 0
